 Dungeon Crawl Stone Soup version 0.31-a0-112-gdf0485fa37 (webtiles) character file.

Game seed: 3860336096938915906

237 pokeman the Magician (level 5, 0/30 HPs)
             Began as a Deep Elf Hedge Wizard on May 28, 2023.
             Slain by a phantom (4 damage)
             ... on level 5 of the Dungeon.
             The game lasted 00:04:25 (2997 turns).

pokeman the Magician (Deep Elf Hedge Wizard)        Turns: 2997, Time: 00:04:26

Health: 0/30       AC:  3    Str:  7    XL:     5   Next: 77%
Magic:  1/16       EV: 12    Int: 21    God:
Gold:   136        SH:  0    Dex: 14    Spells: 9/17 levels left

rFire   . . .        i - +0 dagger (elec)
rCold   . . .        (no shield)
rNeg    . . .        b - +0 robe
rPois   .            c - +0 hat
rElec   .            q - +0 cloak
rCorr   .            (no gloves)
SInv    .            (no boots)
Will    .....        (no amulet)
Stlth   ++           m - ring of wizardry
HPRegen 0.25/turn    (no ring)
MPRegen 0.15/turn

%: wizardry (x1)
@: no status effects
A: no striking features
a: no special abilities


You were on level 5 of the Dungeon.
You visited 1 branch of the dungeon, and saw 5 of its levels.

You collected 136 gold pieces.

Inventory:

Hand Weapons
 i - a +0 dagger of electrocution (weapon)
 p - a +2 quarterstaff of chaos
Armour
 b - a +0 robe (worn)
 c - a +0 hat (worn)
 q - a +0 cloak (worn)
Magical Staves
 t - a staff of death
Jewellery
 j - a ring of ice
 m - a ring of wizardry (left hand)
Scrolls
 e - a scroll of identify {unknown}
 k - a scroll of blinking {unknown}
 l - 2 scrolls of teleportation {unknown}
 n - a scroll of noise {unknown}
 o - 3 scrolls of fog {unknown}
Potions
 a - a potion of haste {unknown}
 d - a potion of magic
 f - 2 potions of heal wounds {unknown}
 g - 2 potions of resistance {unknown}
 h - 2 potions of curing {unknown}
 r - a potion of invisibility {unknown}
 s - 2 potions of ambrosia {unknown}


   Skills:
 + Level 1.8 Fighting
 + Level 1.9 Armour
 - Level 2.4 Dodging
 - Level 2.4 Stealth
 * Level 6.5 Spellcasting
 + Level 2.8 Conjurations
 - Level 1.1 Summonings
 - Level 1.1 Translocations


You had 9 spell levels left.
You knew the following spells:

 Your Spells              Type           Power      Damage    Failure   Level
a - Magic Dart            Conj           72%        1d6       1%          1
b - Mephitic Cloud        Conj/Pois/Air  10%        N/A       8%          3
c - Call Imp              Summ           22%        N/A       3%          2
d - Blink                 Tloc           22%        N/A       3%          2

Your spell library contained the following spells:

 Spells                   Type           Power      Damage    Failure   Level
 Apportation              Tloc           22%        N/A       2%          1
 Summon Small Mammal      Summ           44%        N/A       2%          1
 Necrotise                Necr           24%        1d5       4%          1
 Slow                     Hex            24%        N/A       4%          1
 Cigotuvi's Dreadful Rot  Necr/Pois/Air  12%        N/A       6%          2
 Confusing Touch          Hex            6%         N/A       12%         3
 Vampiric Draining        Necr           6%         2d6       12%         3


Dungeon Overview and Level Annotations

Branches:
Dungeon (6/15)
 Temple: D:4-7

Altars:


Message History

You hit the hound but do no damage. The hound barely misses you.
The hound completely misses you.
Unknown command.
You hit the hound but do no damage. The hound closely misses you.
Unknown command.
You hit the hound. Lightning courses through the hound!
The hound is almost dead.
The hound bites you.
* * * LOW HITPOINT WARNING * * *
The hound closely misses you.
Unknown command.
You miss the hound.
The hound is almost dead.
The hound bites you.
* * * LOW HITPOINT WARNING * * *
Unknown command.
You hit the hound.
You kill the hound!
Unknown command.
You hit the phantom but do no damage.
The phantom is almost destroyed.
The phantom hits you.
* * * LOW HITPOINT WARNING * * *
Unknown command.
You completely miss the phantom.
The phantom is almost destroyed.
The phantom barely misses you.
Your magical contamination has completely faded away.
Unknown command.
You miss the phantom.
The phantom is almost destroyed.
The phantom hits you.
* * * LOW HITPOINT WARNING * * *
The phantom blinks!
You blink.
Unknown command.
The phantom barely misses you.
You see here a scroll labelled QIPNECR MAORHI.
The phantom attacks as you move away! The phantom barely misses you.
The phantom attacks as you move away! The phantom hits you.
You die...

########## #.........
#.........
#######....$...
#......$.......
#.....@..[.#
#......W...#
#......W...#
#..........+
#.......>f.#### .
#.............#
...####........$..#.#
.............##.#.# #
.............##.#.#


You could see 2 phantoms and a sleepcap.

Vanquished Creatures
  A scorpion (D:5)
  A hound (D:5)
  Crazy Yiuf (D:2)
  4 gnolls (D:2)
  2 adders (D:2)
  A dart slug (D:1)
  4 orcs (D:3)
  4 endoplasms
  6 giant cockroaches (D:1)
  6 goblins
  2 hobgoblins (D:1)
  4 jackals (D:1)
  5 kobolds
  A quokka (D:2)
  A ball python (D:1)
  4 bats
  A frilled lizard (D:1)
  7 rats
55 creatures vanquished.

Vanquished Creatures (collateral kills)
  A kobold (D:2)
1 creature vanquished.

Grand Total: 56 creatures vanquished

Notes
Turn   | Place    | Note
-------+----------+-------------------------------------------
     0 | D:1      | pokeman the Deep Elf Hedge Wizard began the quest for the
                  | Orb.
     0 | D:1      | Reached XP level 1. HP: 10/10 MP: 7/7
   309 | D:1      | Reached XP level 2. HP: 15/15 MP: 6/9
   607 | D:1      | Reached skill level 5 in Spellcasting
   764 | D:1      | Reached XP level 3. HP: 20/20 MP: 7/11
   770 | D:1      | Learned a level 3 spell: Mephitic Cloud
   773 | D:1      | Learned a level 2 spell: Call Imp
   776 | D:1      | Learned a level 2 spell: Blink
  1510 | D:2      | Reached skill level 1 in Fighting
  1510 | D:2      | Reached skill level 1 in Armour
  2170 | D:2      | Found a runed translucent door.
  2171 | D:2      | Noticed Crazy Yiuf
  2189 | D:2      | Killed Crazy Yiuf
  2190 | D:2      | Reached XP level 4. HP: 8/25 MP: 8/13
  2503 | D:2      | Reached skill level 6 in Spellcasting
  2503 | D:2      | Reached XP level 5. HP: 25/29 MP: 4/15
  2916 | D:3      | You fall into a shaft and drop 3 floors!
  2953 | D:5      | Entered Level 5 of the Dungeon
  2954 | D:5      | Noticed a phantom
  2971 | D:5      | Noticed a phantom
  2997 | D:5      | Slain by a phantom

Illustrated notes

Levels and vault maps discovered:
D:1:      dpeg_arrival_prison, layout_loops_corners, minmay_ruptured
D:2:      kennysheep_big_flooded_room, layout_loops_corners,
          uniq_crazy_yiuf_cottage
D:3:      layout_loops_ring, shapermc_ecumenical_altar_mp_ritualfount,
          gup_sewer_entry_bowl, uniq_sigmund
D:5:      layout_basic, minmay_temple_entry_drinking_statues, uniq_grinder
D:6:      layout_basic

Skill      XL: |  1  2  3  4 |
---------------+-------------+-----
Spellcasting   | 5 6 |  6.5
Fighting       | 1 |  1.8
Armour         | 1 |  1.9
Conjurations   | 2 |  2.8
Dodging        | |  2.4
Stealth        | |  2.4
Summonings     | |  1.1
Translocations | |  1.1

Action                     |  1- 3 |  4- 6 || total
---------------------------+-------+-------++-------
  Melee: Dagger            |    44 |    29 ||    73
         Punch             |     1 |     1 ||     2
   Cast: Magic Dart        |    88 |    28 ||   116
         Call Imp          |     2 |       ||     2
         Mephitic Cloud    |     1 |     4 ||     5
         Blink             |       |     1 ||     1
   Stab: Confused          |       |     2 ||     2
         Sleeping          |       |     1 ||     1
 Armour: Robe              |     9 |     7 ||    16
  Dodge: Dodged            |    62 |    29 ||    91

Table legend: (Time is in decaauts)
 A = Elapsed time spent in this place.
 B = Non-inter-level travel time spent in this place.
 C = Inter-level travel time spent in this place.
 D = Time resting spent in this place.
 E = Time spent auto-exploring this place.
 F = Levels seen in this place.
 G = Mean time per level.
                   A        B        C        D        E       F      G
               +--------+--------+--------+--------+--------+-----+--------+
         Total |   2994 |   2919 |     75 |      0 |   2447 |   5 |  598.8 |
       Dungeon |   2994 |   2919 |     75 |      0 |   2447 |   5 |  598.8 |
               +--------+--------+--------+--------+--------+-----+--------+

Top non-repeatable levels by time:
     D:1: 1498 daAuts
     D:2: 1350 daAuts
     D:3: 65 daAuts
     D:5: 43 daAuts
     D:6: 36 daAuts
